 Dungeon Crawl Stone Soup version 0.17.1-2-g5865329 (webtiles) character file.

327 Lonerover the Covert (level 6, -2/36 HPs)
             Began as a Kobold Assassin on Feb 1, 2016.
             Slain by Crazy Yiuf
             ... wielding a +2 quarterstaff of chaos
              (5 damage)
             ... while paralysed by Crazy Yiuf
             ... on level 4 of the Dungeon.
             The game lasted 00:29:33 (4187 turns).

Lonerover the Covert (Kobold Assassin)              Turns: 4187, Time: 00:29:33

Health: -2/36      AC:  7    Str: 10    XL:     6   Next: 79%
Magic:  6/6        EV:  3    Int:  9    God:
Gold:   277        SH:  0    Dex: 19    Spells: 0 memorised, 5 levels left

rFire  + . .     SeeInvis .     a - +2 dagger
rCold  x . .     Clarity  .     D - +0 leather armour
rNeg   . . .     SustAt   .     C - +0 buckler
rPois  .         Gourm    .     u - +1 helmet
rElec  .         Spirit   .     d - +0 cloak
rCorr  .         Warding  .     (no gloves)
rMut   .         Stasis   .     B - +0 pair of boots
MR     .....                    (no amulet)
Stlth  ++++......               (no ring)
                                A - ring of fire

@: paralysed, slowed, drained, not resistant to hostile enchantments, stealthy
A: carnivore 3
a: no special abilities


You were on level 4 of the Dungeon.
You were completely stuffed.

You visited 1 branch of the dungeon, and saw 4 of its levels.

You collected 277 gold pieces.

Inventory:

Hand Weapons
 a - a +2 dagger (weapon)
 b - a +0 blowgun
 s - a +0 dagger
 G - a +1 hunting sling of flaming
 M - the cursed +3 mace "Fuothroo" {freeze, rElec, unknown}
   (You found it on level 4 of the Dungeon)

   It has been specially enchanted to freeze those struck by it, causing extra
   injury to most foes and up to half again as much damage against particularly
   susceptible opponents.
   It can also slow down cold-blooded creatures.
   It insulates you from electricity.
   It has a curse placed upon it.
Missiles
 e - 13 poisoned needles
 f - 2 curare-tipped needles
 r - 15 sling bullets
Armour
 c - a +0 robe
 d - a +0 cloak (worn)
 i - a +0 helmet
 q - a +0 leather armour
 u - a +1 helmet (worn)
 B - a +0 pair of boots (worn)
 C - a +0 buckler (worn)
 D - a +0 leather armour (worn)
 K - a +0 scale mail of cold resistance
Jewellery
 A - a ring of fire (left hand)
Scrolls
 k - 3 scrolls of noise {unknown}
 l - 3 scrolls of fog {unknown}
 p - 2 scrolls of enchant weapon {unknown}
 t - 3 scrolls of amnesia {unknown}
 v - a scroll of remove curse {unknown}
 x - 3 scrolls of identify {unknown}
 y - a scroll of recharging {unknown}
 z - 2 scrolls of teleportation {unknown}
 E - a scroll of magic mapping {unknown}
 H - a scroll of enchant armour {unknown}
 J - a scroll of blinking {unknown}
Potions
 j - 2 potions of curing {unknown}
 m - a potion of heal wounds {unknown}
 n - a potion of lignification {unknown}
 w - a potion of agility {unknown}
 F - a potion of haste
 L - a potion of ambrosia {unknown}
Comestibles
 g - a meat ration
 h - a slice of pizza
 o - 8 fruits
 I - a chunk of flesh


   Skills:
 + Level 2.6(2.3) Fighting
 + Level 3.5(3.2) Short Blades
 + Level 3.2(2.9) Throwing
 + Level 1.4(1.1) Armour
 + Level 3.2(2.9) Dodging
 + Level 8.1(7.8) Stealth
 - Level 0.1(0.0) Shields


You had 5 spell levels left.
You didn't know any spells.

Dungeon Overview and Level Annotations

Branches:
Dungeon (4/15)
 Temple: D:4-7

Altars:
Elyvilon
Ru
Trog

Annotations:
D:3 Juudaz's ghost, amateur DsAK
D:4 Crazy Yiuf; Uhlv's ghost, amateur HOFi


Innate Abilities, Weirdness & Mutations

You are small and have problems with some larger weapons.
You are carnivorous and can eat meat at any time.


Message History

Crazy Yiuf says, "Rifle illywillydillykilly koolooloo!"
Crazy Yiuf barely misses you.
You completely miss Crazy Yiuf.
Crazy Yiuf is moderately wounded.
Crazy Yiuf misses you.
You hit Crazy Yiuf.
Crazy Yiuf is moderately wounded.
Crazy Yiuf hits you with a quarterstaff of chaos!
You feel drained.
You hit Crazy Yiuf but do no damage.
Crazy Yiuf is moderately wounded.
Crazy Yiuf misses you.
You hit Crazy Yiuf but do no damage.
Crazy Yiuf is moderately wounded.
Crazy Yiuf hits you with a quarterstaff of chaos!
You suddenly lose the ability to move!
Crazy Yiuf hits you with a quarterstaff of chaos!
* * * LOW HITPOINT WARNING * * *
x2 Crazy Yiuf hits you with a quarterstaff of chaos.
You die...

#.# #.#########
#.......<.#
#########.# #.. ###
##### ♣♣#####
#)))#♣♣ ♣♣.#...###
#g@)')♣♣♣♣.........
#)))#♣))♣..♣...####
#####♣♣♣)♣).#.##
♣♣♣♣♣###


You could see Crazy Yiuf.

Vanquished Creatures
  A hound (D:4)
  A giant frog skeleton (D:4)
  An iguana (D:4)
  A centaur skeleton (D:4)
  9 adders
  3 gnolls (D:4)
  3 oozes
  5 worms
  4 giant geckos
  An orc (D:3)
  16 goblins
  8 hobgoblins
  6 jackals
  8 kobolds
  2 quokkas (D:3)
  2 ball pythons (D:1)
  6 bats
  5 giant cockroaches
  3 giant newts
  13 rats
98 creatures vanquished.

Notes
Turn   | Place    | Note
--------------------------------------------------------------
     0 | D:1      | Lonerover the Kobold Assassin began the quest for the Orb.
     0 | D:1      | Reached XP level 1. HP: 12/12 MP: 1/1
   190 | D:1      | Reached XP level 2. HP: 11/17 MP: 2/2
   409 | D:1      | Reached skill level 6 in Stealth
   590 | D:1      | Reached XP level 3. HP: 19/21 MP: 3/3
  1348 | D:2      | Reached XP level 4. HP: 15/27 MP: 4/4
  2113 | D:3      | Found a sacrificial altar of Ru.
  2257 | D:3      | Reached XP level 5. HP: 31/31 MP: 5/5
  2381 | D:3      | Noticed Juudaz's ghost (amateur DsAK)
  3080 | D:3      | Reached skill level 7 in Stealth
  3089 | D:3      | Reached skill level 1 in Armour
  3433 | D:4      | Noticed Uhlv's ghost (amateur HOFi)
  3641 | D:4      | Reached XP level 6. HP: 31/36 MP: 6/6
  3805 | D:4      | Reached skill level 8 in Stealth
  3935 | D:4      | Found a white marble altar of Elyvilon.
  3935 | D:4      | Found a bloodstained altar of Trog.
  4169 | D:4      | Got a fine mace
  4174 | D:4      | Noticed Crazy Yiuf
  4185 | D:4      | Paralysed by Crazy Yiuf for 5 turns
  4187 | D:4      | Slain by Crazy Yiuf

Action                   |  1- 3 |  4- 6 || total
-------------------------+-------+-------++-------
Melee: Dagger            |   166 |   168 ||   334
 Fire: Blowgun           |       |    78 ||    78
 Stab: Sleeping          |     8 |    29 ||    37
       Distracted        |       |     1 ||     1
  Eat: Chunk             |    10 |     9 ||    19
